AoeStats
← Michi3052

Arena

507169065Analyzed
1v1 RM · 16d ago on Sep 16, 2026· 32m 13s· 2 players
Game mode
Random Map
Map size
Tiny (2 player)
Population
200
Speed
Normal
Resources
Standard
Victory
Conquest
Starting age
Dark Age
Ending age
Imperial Age
RankedLock teamsTeams togetherTeam positionsShared explorationLock speedFull tech treeHidden civsTurbo modeCheats
Victory
Defeat
🇪🇸 Turks · Spain
726
+18
🇺🇸 Bohemians · United States
772
-18
Michi3052
12:10 Feudal Age
14:06 Double-Bit Axe
17:18 Castle Age
16:42 Gold Mining
20:50 Wheelbarrow
25:29 Imperial Age
24:52 Bow Saw
25:20 Gold Shaft Mining
26:07 Padded Archer Armor
26:00 Fletching
32:07 Bodkin Arrow
32:34 Leather Archer Armor
ShadowKat
10:28 Feudal Age
10:55 Double-Bit Axe
10:56 Horse Collar
13:05 Loom
18:48 Castle Age
22:08 Fervor
22:42 Wheelbarrow
24:22 Town Watch
31:31 Imperial Age
29:42 Fletching
30:27 Bodkin Arrow
Connection lost

Rejoining the realm…

Still unreachable

The connection could not be restored.

Session expired

The server has moved on; the page needs a fresh start.